[Event "ICC tourney 2691 (75 10)"]
[Site "Internet Chess Club"]
[Date "2021.09.25"]
[Round "3"]
[White "ACKERMAN, RYAN:RyanTime"]
[Black "KRYLOV, RATISLAV:RatislavK"]
[Result "1-0"]
[ICCResult "Black checkmated"]
[WhiteElo "1744"]
[BlackElo "1457"]
[Opening "Nimzo-Indian: classical variation"]
[ECO "E32"]
[NIC "NI.20"]
[Time "18:01:09"]
[TimeControl "4500+10"]

1. d4 Nf6 2. c4 e6 3. Nc3 Bb4 4. Qc2 O-O 5. a3 Bxc3+ 6. Qxc3 d5 7. Nf3 dxc4
8. Qxc4 b6 9. Bg5 Ba6 10. Qa4 c5 11. e4 Bxf1 12. e5 Qd7 13. Qxd7 Nfxd7 14.
Rxf1 cxd4 15. Be7 Rc8 16. Bd6 Nc6 17. Ke2 f6 18. Kd3 Ncxe5+ 19. Nxe5 Nxe5+
20. Bxe5 fxe5 21. Ke4 Rc5 22. b4 Rd5 23. Rac1 d3 24. Rfd1 d2 25. Rc7 a5 26.
Rc6 axb4 27. axb4 Kf7 28. Rc2 Rad8 29. Ke3 b5 30. Rcxd2 Rxd2 31. Rxd2 Rxd2
32. Kxd2 Kf6 33. Ke3 Kf5 34. f3 h5 35. g3 g5 36. h3 g4 37. fxg4+ hxg4 38. h4
e4 39. Kd4 e3 40. Kxe3 Ke5 41. Kd3 Kd5 42. h5 Ke5 43. h6 Kf6 44. Ke4 Kg6 45.
Ke5 Kxh6 46. Kxe6 Kg6 47. Ke5 Kg5 48. Ke6 Kg6 49. Ke5 Kg5 50. Ke4 Kf6 51.
Kf4 Ke6 52. Kxg4 Kd5 53. Kf4 Kc4 54. g4 Kxb4 55. g5 Kc3 56. g6 b4 57. g7 b3
58. g8=Q b2 59. Qc8+ Kd2 60. Qb7 Kc1 61. Qc6+ Kb1 62. Ke3 Ka2 63. Qa4+ Kb1
64. Kd3 Kc1 65. Qc2# {Black checkmated} 1-0

[Event "ICC tourney 2691 (75 10)"]
[Site "Internet Chess Club"]
[Date "2021.09.25"]
[Round "3"]
[White "AYYAPPAN, SANTHOSH:SanthoshA"]
[Black "CAREY, MICHAEL P:xyzchessdude"]
[Result "1-0"]
[ICCResult "Black resigns"]
[WhiteElo "1623"]
[BlackElo "1829"]
[Opening "Benkö gambit half accepted"]
[ECO "A57"]
[NIC "BI.43"]
[Time "18:00:21"]
[TimeControl "4500+10"]

1. d4 Nf6 2. c4 c5 3. d5 b5 4. cxb5 a6 5. e3 g6 6. Nc3 Bg7 7. Nf3 O-O 8. Be2
axb5 9. Bxb5 Qa5 10. O-O Ne4 11. Nxe4 Qxb5 12. Nc3 Qb6 13. Qc2 Na6 14. Bd2
Nb4 15. Qd1 Ba6 16. Ne2 Nxd5 17. Bc1 Nb4 18. a3 Nd3 19. Rb1 Nxc1 20. Rxc1
Qxb2 21. Rc2 Qb5 22. Re1 d6 23. Nf4 Bb7 24. Ra2 Ra4 25. Nd2 Rfa8 26. Qc1 Qa6
27. Nb1 Qc4 28. Rc2 Qa6 29. f3 Bc6 30. Rd1 Qb7 31. Rf1 R4a5 32. Re1 Rb5 33.
Rf1 Rb2 34. Rcf2 Rb8 35. Nd2 Qa6 36. Nc4 Rb1 37. Qc2 Rxf1+ 38. Rxf1 d5 39.
Nd2 Rb2 40. Qc1 Qxa3 41. Nb1 Qb4 42. Nd3 Qb6 43. Nxb2 Bxb2 44. Qc2 c4 45.
Re1 Qb4 46. Re2 Bf6 47. Nd2 Ba4 48. Qb1 Qxb1+ 49. Nxb1 c3 50. Na3 e5 51. Nc2
Be7 52. Kf2 Bc5 53. Ke1 d4 54. exd4 exd4 55. Re5 Bxc2 56. Rxc5 Bb3 57. Ke2
c2 58. Kd3 Kg7 59. Kxd4 h5 60. Kd3 f6 61. Kd2 g5 62. Rc3 Ba4 63. Ra3 Be8 64.
Kxc2 h4 65. Kd3 Bf7 66. Ke4 Kg6 67. Ra6 Bc4 68. Rb6 Bf1 69. g4 hxg3 70. hxg3
Bc4 71. Kd4 Ba2 72. Kc5 Bf7 73. Kd6 Bc4 74. Ke7 Be2 75. Rxf6+ Kg7 76. Rf5
Kg6 77. Ke6 Bc4+ 78. Ke5 Bd3 79. Rf6+ Kg7 80. f4 gxf4 81. gxf4 Bc2 82. f5
Bb3 83. Rg6+ Kf7 84. Rb6 Ba2 85. Rb7+ Ke8 86. Kf6 Bd5 87. Rb8+ Kd7 88. Kg7
Kc7 89. Rb5 Bc4 90. Rc5+ {Black resigns} 1-0

[Event "ICC tourney 2691 (75 10)"]
[Site "Internet Chess Club"]
[Date "2021.09.26"]
[Round "4"]
[White "GOLI, SRIMAN:awakeflood"]
[Black "BRUDNO, STEPHEN:StevChess01"]
[Result "1-0"]
[ICCResult "Black resigns"]
[WhiteElo "1757"]
[BlackElo "1672"]
[Opening "Sicilian: O'Kelly variation"]
[ECO "B28"]
[NIC "SI.43"]
[Time "11:00:19"]
[TimeControl "4500+10"]

1. e4 c5 2. Nf3 a6 3. d4 cxd4 4. Nxd4 Nf6 5. Nc3 e5 6. Nde2 Bc5 7. Bg5 Bxf2+
8. Kxf2 Ng4+ 9. Kg1 Qxg5 10. Nd5 Qd8 11. Nec3 Nf6 12. h3 O-O 13. Nxf6+ Qxf6
14. Nd5 Qd8 15. Qh5 d6 16. Bd3 Be6 17. Kh2 Nd7 18. Raf1 Bxd5 19. exd5 g6 20.
Qh6 f5 21. g4 e4 22. Be2 Qf6 23. gxf5 Qe5+ 24. Kg2 gxf5 25. Rhg1 Qg7+ 26.
Kh2 {Black resigns} 1-0

[Event "ICC tourney 2691 (75 10)"]
[Site "Internet Chess Club"]
[Date "2021.09.26"]
[Round "4"]
[White "YUE, TARIQ:K01-30014129"]
[Black "BONDALAPATI, SRI VIBHAV:Vibhu11"]
[Result "1-0"]
[ICCResult "Black checkmated"]
[WhiteElo "1438"]
[BlackElo "1742"]
[Opening "Réti opening"]
[ECO "A04"]
[NIC "QP.10"]
[Time "11:00:39"]
[TimeControl "4500+10"]

1. Nf3 c5 2. c3 Nf6 3. d4 e6 4. Bg5 d5 5. e3 Nc6 6. Bb5 a6 7. Ba4 b5 8. Bc2
c4 9. a3 Be7 10. O-O O-O 11. Nbd2 h6 12. Bh4 a5 13. Bxf6 Bxf6 14. e4 g6 15.
e5 Bg7 16. Ne1 Rb8 17. f4 b4 18. Ba4 Qb6 19. g4 Bd7 20. Bc2 b3 21. Bb1 Nxd4
22. cxd4 Qxd4+ 23. Kh1 Qxb2 24. Be4 c3 25. Nxb3 Qxb3 26. Bc2 Qc4 27. Rf3 Bc6
28. Kg1 Rfd8 29. h3 Qc5+ 30. Kh2 d4 31. Rg3 g5 32. Nd3 Qd5 33. Qc1 gxf4 34.
Qxf4 Bb5 35. g5 h5 36. Rf1 Rb7 37. g6 Rf8 38. gxf7+ Rfxf7 39. Rxg7+ Rxg7 40.
Qf8+ Kh7 41. Nf4+ d3 42. Nxd5 exd5 43. Qf5+ Kh8 44. Bxd3 Bxd3 45. Qxd3 Rb2+
46. Kh1 Rgg2 47. Qxd5 Rh2+ 48. Kg1 Rhg2+ 49. Qxg2 Rxg2+ 50. Kxg2 Kg7 51. e6
c2 52. e7 c1=Q 53. Rxc1 Kf7 54. Re1 Ke8 55. Kf3 h4 56. Kf4 a4 57. Kf5 Kd7
58. e8=Q+ Kd6 59. Rd1+ Kc5 60. Qc8+ Kb6 61. Rb1+ Ka5 62. Qa8# {Black
checkmated} 1-0

[Event "ICC tourney 2691 (75 10)"]
[Site "Internet Chess Club"]
[Date "2021.09.26"]
[Round "4"]
[White "KRYLOV, RATISLAV:RatislavK"]
[Black "MARKOVIC, GORAN:Goran21"]
[Result "1-0"]
[ICCResult "Black checkmated"]
[WhiteElo "1457"]
[BlackElo "1856"]
[Opening "Sicilian: Najdorf"]
[ECO "B90"]
[NIC "SI.14"]
[Time "11:01:00"]
[TimeControl "4500+10"]

1. e4 c5 2. Nf3 d6 3. d4 cxd4 4. Nxd4 Nf6 5. Nc3 a6 6. f3 e5 7. Nb3 Be7 8.
Be3 O-O 9. Qd2 Be6 10. O-O-O Qc7 11. g4 b5 12. g5 Nfd7 13. Nd5 Bxd5 14. exd5
Nb6 15. Na5 Na4 16. Kb1 Bd8 17. Nb3 Nd7 18. f4 exf4 19. Bxf4 Ndb6 20. Na5
Nc4 21. Nxc4 bxc4 22. Qb4 Nxb2 23. Bxd6 Qd7 24. Re1 Bc7 25. Bxf8 Rb8 26.
Kxb2 Rxb4+ 27. Bxb4 Qb5 28. a3 g6 29. Kc3 a5 30. Be7 a4 31. Bxc4 Ba5+ 32.
Bb4 Qb6 33. h4 Kg7 34. Rd1 Qe3+ 35. Rd3 Qe5+ 36. Rd4 Qe3+ 37. Bd3 Bb6 38.
Re4 Qg3 39. Kb2 h6 40. Bc3+ Kg8 41. Re8+ Kh7 42. Rh8# {Black checkmated} 1-0

[Event "ICC tourney 2691 (75 10)"]
[Site "Internet Chess Club"]
[Date "2021.09.26"]
[Round "4"]
[White "TAO, SIHAN:K06-16931716"]
[Black "ACKERMAN, RYAN:RyanTime"]
[Result "1-0"]
[ICCResult "Black resigns"]
[WhiteElo "1690"]
[BlackElo "1744"]
[Opening "French: advance, Paulsen attack"]
[ECO "C02"]
[NIC "FR.03"]
[Time "11:01:00"]
[TimeControl "4500+10"]

1. e4 e6 2. d4 d5 3. e5 c5 4. c3 Nc6 5. Nf3 Qb6 6. a3 c4 7. g3 Bd7 8. Bg2
Na5 9. Nbd2 Ne7 10. O-O Nc8 11. Ne1 Qc7 12. f4 Nb6 13. Qe2 O-O-O 14. Nc2 Ba4
15. Ne3 g6 16. Kh1 h5 17. h3 Be7 18. Kg1 Rde8 19. Rf2 Kb8 20. Nf3 Nb3 21.
Rb1 a5 22. Nd2 Qd7 23. Bf3 Rh7 24. Qe1 Rg8 25. Bd1 Nxd2 26. Bxd2 Bxd1 27.
Qxd1 a4 28. Qc2 Nc8 29. Kg2 Bf8 30. Rh1 Ne7 31. g4 hxg4 32. hxg4 Rgh8 33.
Rff1 b5 34. Qb1 Rxh1 35. Rxh1 Bg7 36. Rxh8+ Bxh8 37. Qh1 Qe8 38. f5 gxf5 39.
gxf5 Qg8+ 40. Kf2 exf5 41. Nxd5 Nxd5 42. Qxd5 Qe8 43. Bf4 Ka7 44. Qc5+ Ka6
45. Qd6+ Kb7 46. Bg5 Bg7 47. Qd5+ Ka7 48. Kf3 Qa8 49. Qxa8+ Kxa8 50. Kf4 b4
51. axb4 Bf8 52. Kxf5 Bxb4 53. cxb4 c3 54. bxc3 a3 55. Bc1 {Black resigns}
1-0

[Event "ICC tourney 2691 (75 10)"]
[Site "Internet Chess Club"]
[Date "2021.09.26"]
[Round "4"]
[White "CHENG, Claire:Clairehouses"]
[Black "OLIVERO, ERIC-BAILEY:Tragiiic"]
[Result "1-0"]
[ICCResult "Black forfeits on time"]
[WhiteElo "1809"]
[BlackElo "1860"]
[Opening "QGD"]
[ECO "D52"]
[NIC "SL.03"]
[Time "11:02:32"]
[TimeControl "4500+10"]

1. d4 d5 2. c4 c6 3. Nf3 Nf6 4. Nc3 e6 5. Bg5 Nbd7 6. e3 Be7 7. Bd3 O-O 8.
O-O c5 9. Bxf6 Nxf6 10. cxd5 exd5 11. dxc5 Bxc5 12. Qc2 b6 13. a3 Re8 14. b4
Bf8 15. Nb5 Ba6 16. Qa4 Bxb5 17. Bxb5 Re7 18. Nd4 Rc7 19. Bc6 Rac8 20. b5
Ne4 21. Qd1 g6 22. Ne2 Bg7 23. Ra2 Nf6 24. Nf4 Rxc6 25. bxc6 Rxc6 26. Qb3 d4
27. Rd1 Rd6 28. Qb4 Nd5 29. Nxd5 Rxd5 30. exd4 a5 31. Qc4 b5 32. Qb3 Bxd4
33. Re1 Bg7 34. Rae2 Bf8 35. Re8 Rd3 36. Qxb5 Rd1 37. Qe2 Rxe1+ 38. Qxe1 Qg5
39. h3 Kg7 40. Qc3+ {Black forfeits on time} 1-0

[Event "ICC tourney 2691 (75 10)"]
[Site "Internet Chess Club"]
[Date "2021.09.26"]
[Round "4"]
[White "DORASZELSKI, ALEXANDER:alexdora"]
[Black "AYYAPPAN, SANTHOSH:SanthoshA"]
[Result "1-0"]
[ICCResult "Black resigns"]
[WhiteElo "1834"]
[BlackElo "1623"]
[Opening "Scotch: Blumenfeld attack"]
[ECO "C45"]
[NIC "SO.05"]
[Time "11:00:17"]
[TimeControl "4500+10"]

1. e4 e5 2. Nf3 Nc6 3. d4 exd4 4. Nxd4 Bc5 5. Be3 Qf6 6. Nb5 Bxe3 7. fxe3
Qh4+ 8. Kd2 Qd8 9. Qg4 g6 10. Qf4 d6 11. N1c3 a6 12. Nd4 Ne5 13. Be2 Be6 14.
Raf1 Qe7 15. Nd5 Bxd5 16. exd5 O-O-O 17. g4 h6 18. h4 Qd7 19. Nc6 Nxc6 20.
dxc6 Qxc6 21. Qxf7 Qe8 22. Bd3 Ne7 23. Qe6+ Qd7 24. Qxd7+ Kxd7 25. Rf6 g5
26. Bf5+ Nxf5 27. Rxf5 gxh4 28. Rxh4 Rdg8 29. Ke2 Ke6 30. Kf3 Rg6 31. e4 Rh7
32. Kf4 Rf7 33. a4 c5 34. a5 Rff6 35. c4 Kd7 36. Rh5 Ke7 37. Rh3 Rf8 38.
Rxf8 Kxf8 39. Rb3 Rf6+ 40. Ke3 Rf7 41. Rb6 Rd7 42. Kf4 Rf7+ 43. Ke3 Rd7 44.
b4 cxb4 45. Kd4 Ke7 46. Kd5 b3 47. Rxb3 Rc7 48. Kd4 Kd7 49. Rb6 Ke7 50. Rb3
Kd7 51. Rh3 Rc5 52. Rh5 Rxh5 53. gxh5 Kc6 54. e5 dxe5+ 55. Kxe5 b6 56. axb6
Kxb6 57. Kd6 Kb7 58. Kd7 Kb6 59. Kd6 Kb7 60. c5 Kc8 61. Kc6 a5 62. Kb5 Kb7
63. Kxa5 Ka7 64. Kb5 Kb7 65. c6+ Kc7 66. Kc5 Kc8 67. Kd6 Kd8 68. Ke6 Kc7 69.
Kf6 Kxc6 70. Kg6 Kd7 71. Kxh6 Ke6 72. Kg7 Kf5 73. h6 Ke4 74. h7 Kd5 75. h8=Q
Ke5 76. Qh5+ {Black resigns} 1-0

[Event "ICC tourney 2691 (75 10)"]
[Site "Internet Chess Club"]
[Date "2021.09.26"]
[Round "4"]
[White "CAREY, MICHAEL P:xyzchessdude"]
[Black "BROCKHOUSE, JOHN:bbrockva"]
[Result "1-0"]
[ICCResult "Black forfeits on time"]
[WhiteElo "1829"]
[BlackElo "1343"]
[Opening "Réti opening"]
[ECO "A06"]
[NIC "QP.09"]
[Time "11:00:23"]
[TimeControl "4500+10"]

1. Nf3 d5 2. e3 Nf6 3. c4 c6 4. Nc3 e6 5. b3 Nbd7 6. Bb2 Bd6 7. d4 O-O 8.
Be2 e5 9. cxd5 e4 10. Nd2 cxd5 11. Nb5 Bb8 12. Ba3 Re8 13. Nd6 Re6 14. Nxc8
Qxc8 15. O-O Bd6 16. Rc1 Qd8 17. Bxd6 Rxd6 18. Nb1 Rc8 19. Qd2 a6 20. Rxc8
Qxc8 21. Rc1 Rc6 22. Rxc6 Qxc6 23. Qc3 Qxc3 24. Nxc3 b5 25. a3 Kf8 26. f3
Ke7 27. Kf2 Kd6 28. Bd1 h6 29. Bc2 exf3 30. gxf3 Ne8 31. e4 Nc7 32. Ke3 g5
33. Bd3 f6 34. Bf1 Nf8 35. Bh3 Ng6 36. Ne2 Ne6 37. Ng3 Ngf4 38. Nf5+ Kc6 39.
Bf1 h5 40. Ne7+ Kd6 41. Ng8 dxe4 42. fxe4 f5 43. e5+ Kd7 44. Nf6+ Kc6 45. a4
Nc7 46. Bd3 Nxd3 47. Kxd3 h4 48. Ke3 bxa4 49. bxa4 Kb6 50. d5 Kc5 51. d6 f4+
52. Kf3 Ne6 53. Ke4 Kc6 54. Kf5 Nd4+ 55. Kxg5 f3 56. Ng4 Ne6+ 57. Kxh4 Nf4
58. Kg3 Ne6 59. Kxf3 Kd7 60. h4 {Black forfeits on time} 1-0

[Event "ICC tourney 2691 (75 10)"]
[Site "Internet Chess Club"]
[Date "2021.09.26"]
[Round "5"]
[White "MARKOVIC, GORAN:Goran21"]
[Black "AYYAPPAN, SANTHOSH:SanthoshA"]
[Result "1-0"]
[ICCResult "Black checkmated"]
[WhiteElo "1856"]
[BlackElo "1623"]
[Opening "Ruy Lopez: exchange variation, 5.O-O"]
[ECO "C68"]
[NIC "RL.08"]
[Time "14:30:40"]
[TimeControl "4500+10"]

1. e4 e5 2. Nf3 Nc6 3. Bb5 a6 4. Bxc6 dxc6 5. O-O Bd6 6. d4 exd4 7. Qxd4 f6
8. Rd1 Be6 9. Nc3 Ne7 10. Qe3 O-O 11. b3 Qe8 12. Nd4 Bd7 13. Qe2 Rd8 14. f4
Ng6 15. g3 c5 16. Nf3 Bc6 17. Nd5 Bxd5 18. Rxd5 Qf7 19. Bb2 Rfe8 20. Rad1
Ne7 21. R5d2 Nc6 22. a3 Qe6 23. e5 fxe5 24. Ng5 Qg6 25. Qc4+ Kf8 26. fxe5
Bxe5 27. Rf1+ Bf6 28. Bxf6 gxf6 29. Rxd8 Rxd8 30. Rxf6+ Qxf6 31. Nxh7+ Kg7
32. Nxf6 Kxf6 33. Qxc5 Rd1+ 34. Kg2 Rd2+ 35. Kh3 Rd7 36. g4 Nd4 37. Qf8+ Ke6
38. g5 Rh7+ 39. Kg4 Rf7 40. Qe8+ Re7 41. Qg8+ Kd6 42. Qd8+ Rd7 43. Qf6+ Ne6
44. h4 c5 45. g6 b5 46. h5 a5 47. h6 Kd5 48. c4+ bxc4 49. bxc4+ Kd6 50. g7
Rd8 51. Qxd8+ Nxd8 52. g8=Q Nc6 53. Qd5+ Kc7 54. Qxc6+ Kxc6 55. Kf5 a4 56.
h7 Kd6 57. h8=Q Kc6 58. Qf6+ Kc7 59. Ke5 Kb7 60. Kd5 Ka8 61. Kxc5 Ka7 62.
Qb6+ Ka8 63. Qb5 Ka7 64. Kc6 Ka8 65. Kc7 Ka7 66. Qxa4# {Black checkmated}
1-0

[Event "ICC tourney 2691 (75 10)"]
[Site "Internet Chess Club"]
[Date "2021.09.26"]
[Round "5"]
[White "TAO, SIHAN:K06-16931716"]
[Black "CHENG, Claire:Clairehouses"]
[Result "0-1"]
[ICCResult "White resigns"]
[WhiteElo "1690"]
[BlackElo "1809"]
[Opening "Sicilian: Najdorf, Byrne (English) attack"]
[ECO "B90"]
[NIC "SI.14"]
[Time "14:30:41"]
[TimeControl "4500+10"]

1. e4 c5 2. Nf3 d6 3. d4 cxd4 4. Nxd4 Nf6 5. Nc3 a6 6. Be3 e5 7. Nb3 Be6 8.
f3 Be7 9. Qd2 Nbd7 10. O-O-O O-O 11. g4 b5 12. g5 b4 13. gxf6 bxc3 14. Qxc3
Bxf6 15. Rxd6 a5 16. Nc5 Qe7 17. Nxe6 fxe6 18. Rxe6 Qd8 19. Bc4 Kh8 20. Rd6
Be7 21. Rd5 Rxf3 22. Be2 Rxe3 23. Qd2 Bg5 24. Rxd7 Qxd7 {White resigns} 0-1

[Event "ICC tourney 2691 (75 10)"]
[Site "Internet Chess Club"]
[Date "2021.09.26"]
[Round "5"]
[White "OPASKA, MICHAEL:mopaska1106"]
[Black "KRYLOV, RATISLAV:RatislavK"]
[Result "1-0"]
[ICCResult "Black resigns"]
[WhiteElo "1845"]
[BlackElo "1457"]
[Opening "Nimzo-Indian: Reshevsky variation"]
[ECO "E46"]
[NIC "NI.10"]
[Time "14:30:49"]
[TimeControl "4500+10"]

1. d4 Nf6 2. c4 e6 3. Nc3 Bb4 4. e3 O-O 5. Ne2 Re8 6. g3 d5 7. Bg2 b6 8. O-O
Bb7 9. cxd5 exd5 10. Qb3 Na6 11. a3 Bf8 12. Nf4 c6 13. Bd2 Rc8 14. Rad1 Ne4
15. Nxe4 dxe4 16. Bc3 Qe7 17. Qa2 Nc7 18. Bb4 c5 19. dxc5 bxc5 20. Ba5 Na6
21. Bh3 Rb8 22. Rd7 Qf6 23. Bc3 Qh6 24. Qxf7+ Kh8 25. Rxb7 {Black resigns}
1-0

[Event "ICC tourney 2691 (75 10)"]
[Site "Internet Chess Club"]
[Date "2021.09.26"]
[Round "5"]
[White "BROCKHOUSE, JOHN:bbrockva"]
[Black "CHANDI, ISHNOOR SINGH:Ishnoor"]
[Result "0-1"]
[ICCResult "White resigns"]
[WhiteElo "1343"]
[BlackElo "1708"]
[Opening "King's Indian: orthodox variation"]
[ECO "E94"]
[NIC "KI.15"]
[Time "14:30:41"]
[TimeControl "4500+10"]

1. d4 Nf6 2. c4 g6 3. Nc3 Bg7 4. e4 d6 5. Be2 O-O 6. Nf3 e5 7. O-O a5 8. Be3
Qe7 9. d5 Na6 10. Ne1 Nc5 11. f3 Nfd7 12. Qd2 f5 13. Nd3 b6 14. Nb5 fxe4 15.
Nxc5 Nxc5 16. Bxc5 bxc5 17. fxe4 Rf4 18. Rxf4 exf4 19. Qxf4 Bxb2 20. Rb1 Be5
21. Qe3 Ba6 22. Kh1 Qh4 23. g3 Bxg3 24. Qxg3 Qxe4+ 25. Bf3 Qxb1+ 26. Kg2
Qxa2+ {White resigns} 0-1

[Event "ICC tourney 2691 (75 10)"]
[Site "Internet Chess Club"]
[Date "2021.09.26"]
[Round "5"]
[White "OLIVERO, ERIC-BAILEY:Tragiiic"]
[Black "YUE, TARIQ:K01-30014129"]
[Result "1-0"]
[ICCResult "Black resigns"]
[WhiteElo "1860"]
[BlackElo "1438"]
[Opening "Sicilian: closed"]
[ECO "B24"]
[NIC "SI.44"]
[Time "14:31:00"]
[TimeControl "4500+10"]

1. e4 c5 2. Nc3 Nc6 3. g3 d6 4. Bg2 Nf6 5. d3 g6 6. Nge2 Bg7 7. Bg5 O-O 8.
Qd2 Rb8 9. O-O b5 10. Bh6 e6 11. Bxg7 Kxg7 12. f4 d5 13. e5 Ne8 14. a4 b4
15. Nd1 Qb6 16. Ne3 Na5 17. Kh1 Nc6 18. b3 a5 19. Ng1 Ba6 20. Nf3 Nc7 21.
Rad1 Na8 22. Ng4 Qc7 23. Nf6 Nb6 24. Rfe1 c4 25. dxc4 dxc4 26. Ng5 Rfd8 27.
Qf2 cxb3 28. cxb3 Rd3 29. Rxd3 Bxd3 30. Rc1 Nc4 31. Ngxh7 Qa7 32. Qf3 Nb2
33. Rxc6 Rd8 34. Rd6 Rc8 35. Rc6 Rd8 36. Ng5 Bf5 37. Rc1 Rd3 38. Rc8 Rxf3
39. Rg8+ Kh6 40. Bxf3 Nd3 41. Ne8 Nf2+ 42. Kg2 Bh3+ 43. Nxh3 Kh7 44. Nf6+
Kh6 45. Nxf2 {Black resigns} 1-0

[Event "ICC tourney 2691 (75 10)"]
[Site "Internet Chess Club"]
[Date "2021.09.26"]
[Round "5"]
[White "GOLI, SRIMAN:awakeflood"]
[Black "CAREY, MICHAEL P:xyzchessdude"]
[Result "1-0"]
[ICCResult "Black resigns"]
[WhiteElo "1757"]
[BlackElo "1829"]
[Opening "Sicilian"]
[ECO "B56"]
[NIC "SI.25"]
[Time "14:30:40"]
[TimeControl "4500+10"]

1. e4 c5 2. Nf3 Nc6 3. d4 cxd4 4. Nxd4 Nf6 5. Nc3 d6 6. f3 e5 7. Ndb5 a6 8.
Na3 b5 9. Nd5 Nxd5 10. exd5 Nd4 11. c4 Bd7 12. Be3 b4 13. Nc2 Nxc2+ 14. Qxc2
Be7 15. Bd3 Bg5 16. Bxg5 Qxg5 17. O-O Qf4 18. Rfe1 Qd4+ 19. Kh1 Kf8 20. a3
Rb8 21. b3 a5 22. axb4 axb4 23. Ra6 Ke7 24. Rea1 g6 25. Ra7 Rb7 26. R7a6 Rc8
27. h3 Rcc7 28. Qd2 Qh4 29. Be4 f5 30. Bc2 g5 31. Qe3 Qh6 32. Qxe5+ dxe5 33.
Rxh6 Kf7 34. Rxh7+ Kg6 35. Rh8 Ra7 36. Ra8 Rxa1+ 37. Rxa1 Kh5 38. Kh2 g4 39.
fxg4+ fxg4 40. Re1 gxh3 41. Rxe5+ Kg4 42. g3 Kf3 43. Bf5 Bxf5 44. Rxf5+ Ke4
45. d6 Ra7 46. Rd5 Rd7 47. Rd1 Kf3 48. c5 Ra7 49. d7 Ra2+ 50. Kxh3
{Black resigns}
1-0

[Event "ICC tourney 2691 (75 10)"]
[Site "Internet Chess Club"]
[Date "2021.09.26"]
[Round "5"]
[White "ACKERMAN, RYAN:RyanTime"]
[Black "DORASZELSKI, ALEXANDER:alexdora"]
[Result "0-1"]
[ICCResult "White resigns"]
[WhiteElo "1744"]
[BlackElo "1834"]
[Opening "QGD: Tarrasch, Prague variation, 9.Bg5"]
[ECO "D34"]
[NIC "TD.03"]
[Time "14:30:53"]
[TimeControl "4500+10"]

1. d4 d5 2. c4 e6 3. Nc3 c5 4. cxd5 exd5 5. Nf3 Nc6 6. g3 Nf6 7. Bg2 Be7 8.
O-O O-O 9. Bg5 c4 10. a4 Be6 11. Re1 Qb6 12. Qd2 h6 13. Bxf6 Bxf6 14. e3
Rfd8 15. Red1 Na5 16. Qc2 Nb3 17. Ra3 a6 18. h3 Rac8 19. g4 Be7 20. Ra2 Qc6
21. Ne5 Qe8 22. f4 f6 23. Ng6 Bb4 24. Re1 Bf7 25. Nh4 Nxd4 26. Qf2 Nb3 27.
Rd1 Bc5 28. Nf5 g6 29. Nxh6+ Kg7 30. Nxf7 Bxe3 31. Nxd8 d4 32. Nxb7 Bxf2+
33. Kxf2 Qe3+ 34. Kf1 Nd2+ 35. Rxd2 Qxd2 36. Ne2 c3 37. bxc3 Qxa2 38. cxd4
Rc2 39. Bf3 Rxe2 40. Bxe2 Qb1+ 41. Kf2 Qxb7 42. d5 Qb6+ {White resigns} 0-1

[Event "ICC tourney 2691 (75 10)"]
[Site "Internet Chess Club"]
[Date "2021.09.26"]
[Round "5"]
[White "BONDALAPATI, SRI VIBHAV:Vibhu11"]
[Black "MIYASAKA, JULIA:evilking"]
[Result "1/2-1/2"]
[ICCResult "Game drawn by repetition"]
[WhiteElo "1742"]
[BlackElo "1583"]
[Opening "Giuoco Piano"]
[ECO "C50"]
[NIC "IG.02"]
[Time "14:30:48"]
[TimeControl "4500+10"]

1. e4 e5 2. Nf3 Nc6 3. Bc4 Bc5 4. O-O Nf6 5. Nc3 d6 6. h3 O-O 7. d3 h6 8.
Na4 Bb6 9. c3 Be6 10. Bb3 Na5 11. Bc2 c5 12. b3 Bc7 13. a3 Nc6 14. c4 Ba5
15. Bd2 Bxd2 16. Qxd2 Nh5 17. Nc3 Qf6 18. Ne2 Bxh3 19. Nh2 Qg6 20. Ng3 Bd7
21. Nxh5 Qxh5 22. Bd1 Qg6 23. Kh1 Nd4 24. Nf3 Nxf3 25. Bxf3 Bg4 26. Bxg4
Qxg4 27. f4 exf4 28. Rxf4 Qh5+ 29. Kg1 Rfe8 30. Raf1 f6 31. Rf5 Qf7 32. Qf2
a6 33. Qg3 Re6 34. b4 b6 35. Rd5 Qe7 36. Rdf5 Rf8 37. Rh5 Kh7 38. bxc5 bxc5
39. Rb1 Qc7 40. Qf4 Re5 41. Rxe5 dxe5 42. Qf5+ Kh8 43. Qe6 Qd8 44. Qd5 Qa5
45. Qd6 Rd8 46. Rb8 Rxb8 47. Qxb8+ Kh7 48. Qc8 Qe1+ 49. Kh2 Qh4+ 50. Kg1
Qe1+ 51. Kh2 Qh4+ 52. Kg1 Qe1+ 53. Kh2 {Game drawn by repetition} 1/2-1/2

[Event "ICC tourney 2691 (75 10)"]
[Site "Internet Chess Club"]
[Date "2021.09.26"]
[Round "6"]
[White "ACKERMAN, RYAN:RyanTime"]
[Black "GOLI, SRIMAN:awakeflood"]
[Result "0-1"]
[ICCResult "White resigns"]
[WhiteElo "1744"]
[BlackElo "1757"]
[Opening "QGD: exchange, positional line"]
[ECO "D35"]
[NIC "QO.16"]
[Time "18:02:52"]
[TimeControl "4500+10"]

1. d4 d5 2. c4 e6 3. Nc3 Nf6 4. cxd5 exd5 5. Bg5 Nbd7 6. e3 c6 7. Bd3 Be7 8.
Nge2 O-O 9. O-O h6 10. Bh4 Ne4 11. Bxe7 Qxe7 12. Qc2 Re8 13. Rae1 Ndf6 14.
f3 Nxc3 15. Nxc3 Be6 16. e4 Qb4 17. Ne2 dxe4 18. fxe4 Bxa2 19. e5 Nd5 20.
Nc1 Qxd4+ 21. Qf2 Qxf2+ 22. Rxf2 Nb4 23. Bf1 Bd5 {White resigns} 0-1

[Event "ICC tourney 2691 (75 10)"]
[Site "Internet Chess Club"]
[Date "2021.09.26"]
[Round "6"]
[White "CHANDI, ISHNOOR SINGH:Ishnoor"]
[Black "BONDALAPATI, SRI VIBHAV:Vibhu11"]
[Result "1/2-1/2"]
[ICCResult "Game drawn by mutual agreement"]
[WhiteElo "1708"]
[BlackElo "1742"]
[Opening "Sicilian: Alapin's variation (2.c3)"]
[ECO "B22"]
[NIC "SI.46"]
[Time "18:00:26"]
[TimeControl "4500+10"]

1. e4 c5 2. c3 Nc6 3. d4 cxd4 4. cxd4 d5 5. e5 Bf5 6. Nf3 Rc8 7. Nc3 e6 8.
Bd3 Bxd3 9. Qxd3 Bb4 10. O-O Nge7 11. Bg5 h5 12. a3 Bxc3 13. bxc3 Qc7 14.
Rab1 b6 15. c4 dxc4 16. Qxc4 Nxe5 17. Qb5+ Nd7 18. Rbc1 Qb7 19. Rxc8+ Nxc8
20. Rc1 O-O {Game drawn by mutual agreement} 1/2-1/2

[Event "ICC tourney 2691 (75 10)"]
[Site "Internet Chess Club"]
[Date "2021.09.26"]
[Round "6"]
[White "KRYLOV, RATISLAV:RatislavK"]
[Black "OLIVERO, ERIC-BAILEY:Tragiiic"]
[Result "1-0"]
[ICCResult "Black resigns"]
[WhiteElo "1457"]
[BlackElo "1860"]
[Opening "QGD semi-Slav"]
[ECO "D43"]
[NIC "SL.03"]
[Time "18:01:24"]
[TimeControl "4500+10"]

1. d4 d5 2. c4 c6 3. Nc3 Nf6 4. Nf3 e6 5. Bg5 Be7 6. e3 Nbd7 7. Bd3 O-O 8.
O-O c5 9. cxd5 Nxd5 10. Bxe7 Nxe7 11. Qc2 Ng6 12. Rfd1 cxd4 13. Nxd4 b6 14.
Be4 Rb8 15. Nc6 Qc7 16. Nxb8 Qxb8 17. Nb5 Nc5 18. Nd6 Ba6 19. Bxg6 fxg6 20.
b4 Nd7 21. Qb3 {Black resigns} 1-0

[Event "ICC tourney 2691 (75 10)"]
[Site "Internet Chess Club"]
[Date "2021.09.26"]
[Round "6"]
[White "CAREY, MICHAEL P:xyzchessdude"]
[Black "YUE, TARIQ:K01-30014129"]
[Result "1-0"]
[ICCResult "Black resigns"]
[WhiteElo "1829"]
[BlackElo "1438"]
[Opening "Réti opening"]
[ECO "A06"]
[NIC "QP.09"]
[Time "18:00:17"]
[TimeControl "4500+10"]

1. Nf3 d5 2. e3 c5 3. b3 Nc6 4. Bb5 Nf6 5. Bb2 e6 6. O-O Bd6 7. Ne5 Qc7 8.
f4 O-O 9. Bxc6 bxc6 10. d3 Ba6 11. Nd2 Nd7 12. Nxd7 Qxd7 13. c4 f6 14. e4
Bc7 15. Qe2 Rad8 16. Rad1 Rfe8 17. Qh5 Qf7 18. Qxf7+ Kxf7 19. e5 f5 20. Nf3
Rd7 21. Kf2 h6 22. Ke2 Red8 23. g3 Rb8 24. Ba3 Bb6 25. Nd2 Rg8 26. Nf3 Ke8
27. h4 Kf7 28. Rh1 Bc8 29. Rdg1 Re7 30. g4 fxg4 31. Rxg4 Bd7 32. Rhg1 Ree8
33. h5 Rd8 34. Nh4 Be8 35. Ng6 dxc4 36. dxc4 Rd4 37. Bb2 Bd7 38. Bxd4 cxd4
39. Kd3 c5 40. Rf1 a5 41. Nh4 a4 42. Rgg1 Ra8 43. f5 exf5 44. Nxf5 Bxf5+ 45.
Rxf5+ Ke6 46. Ke4 Ra7 47. Rg6+ {Black resigns} 1-0